 Dungeon Crawl Stone Soup version 0.19-a0-1920-g83281cb (webtiles) character file.

153 spe3d0 the Ruffian (level 5, -4/50 HPs)
             Began as a Troll Monk on Oct 24, 2016.
             Was a Believer of Okawaru.
             Slain by Pikel
             ... wielding a +1 whip of electrocution
              (11 damage)
             ... on level 4 of the Dungeon.
             The game lasted 00:05:56 (2260 turns).

spe3d0 the Ruffian (Troll Monk)                     Turns: 2260, Time: 00:05:57

Health: -4/50      AC:  6    Str: 19    XL:     5   Next: 12%
Magic:  3/4        EV: 10    Int:  6    God:    Okawaru [**....]
Gold:   193        SH:  0    Dex: 13    Spells: 0 memorised, 4 levels left

rFire  . . .     SeeInvis .       - Unarmed
rCold  . . .     Gourm    +     a - +1 robe
rNeg   . . .     Faith    .     (no shield)
rPois  .         Spirit   .     (helmet restricted)
rElec  .         Reflect  .     (no cloak)
rCorr  .         Harm     .     (gloves unavailable)
MR     .....                    (boots unavailable)
Stlth  ++........               (no amulet)
                                (no ring)
                                (no ring)

@: no status effects
A: unfitting armour, claws 3, fast metabolism 3, gourmand, regeneration 1,
shaggy fur 1, tough skin 2
a: Heroism, Renounce Religion


You were on level 4 of the Dungeon.
You worshipped Okawaru.
Okawaru was pleased with you.
You were very full.

You visited 1 branch of the dungeon, and saw 4 of its levels.

You collected 193 gold pieces.


Innate Abilities, Weirdness & Mutations

You are too large for most types of armour.
You have claws for hands.
Your metabolism is lightning-fast.
You like to eat raw meat.
Your natural rate of healing is unusually fast.
You are covered in fur. (AC +1)
You have very tough skin. (AC +2)


   Skills:
 - Level 2.4 Fighting
 - Level 2.4 Dodging
 - Level 1.0 Stealth
 * Level 5.9 Unarmed Combat


You had 4 spell levels left.
You didn't know any spells.

Inventory:

Armour
 a - a +1 robe (worn)
Wands
 p - a wand of confusion (48/48)
Scrolls
 e - a scroll of amnesia {unknown}
 f - 3 scrolls of remove curse {@r2}
 g - a scroll of enchant armour
 h - a scroll of identify {@r1}
 m - a scroll of fog
Potions
 c - 3 potions of curing {@q1}
 d - 3 potions of agility {unknown}
 o - 2 potions of might {unknown}
Comestibles
 b - 6 bread rations {@e1}
 j - 2 meat rations {@e1}

Dungeon Overview and Level Annotations

Branches:
Dungeon (4/15)
 Temple: D:4-7

Altars:
Okawaru

Annotations:
D:4 Pikel

#.....# #.....#
#)....# #.....#
#.....# ###.....#
##..####[......####
......pK@..<.......
.##?...####..######
...#... #.## .
....< #.# .......
..# ###.... #..
#.... ... ##.#. ...


You could see Pikel and a slave.


Message History

The slave barely misses you.
The giant cockroach bites you but does no damage.
You claw the slave!
The slave is severely wounded.
The giant cockroach barely misses you. The slave completely misses you.
You scratch the slave.
The slave is severely wounded.
The giant cockroach barely misses you.
Pikel sighs. "I should go into elves; they're easier to handle.
And prettier!"
The slave hits you.
* * * LOW HITPOINT WARNING * * *
You claw the slave!
You kill the slave!
That felt strangely unrewarding.
The giant cockroach barely misses you.
You closely miss the giant cockroach.
The giant cockroach bites you but does no damage.
You closely miss the giant cockroach. The giant cockroach barely misses you.
You claw the giant cockroach!
You kill the giant cockroach!
Okawaru accepts your kill.
Pikel hits you with a whip of electrocution.
* * * LOW HITPOINT WARNING * * *
The slave completely misses you.
Found a stone staircase leading up.
You see here an iguana corpse.
You closely miss Pikel.
Pikel hits you with a whip of electrocution.
* * * LOW HITPOINT WARNING * * *
You are electrocuted!
You die...

Skill      XL: |  1  2  3  4 |
---------------+-------------+-----
Unarmed Combat | 4 5 |  5.9
Fighting       | |  2.4
Dodging        | |  2.4
Stealth        | |  1.0

Action                   |  1- 3 |  4- 6 || total
-------------------------+-------+-------++-------
Melee: Unarmed           |    92 |    74 ||   166
       Punch             |     1 |     1 ||     2
Invok: Heroism           |       |     1 ||     1
  Use: Scroll            |       |     8 ||     8
 Stab: Sleeping          |     4 |     1 ||     5
  Eat: Chunk             |    15 |    10 ||    25
Armor: Robe              |    42 |    34 ||    76
Dodge: Dodged            |    45 |    35 ||    80

Vault maps used:
D:1:      tarquinn_simple_flora_water_f
D:2:      ecumenical_altar_1, first_bread, kennysheep_doodads
D:3:      okawaru_ov_weapons_minmay
D:4:      kennysheep_goblin_castle, minivault_24, uniq_blork_the_orc,
          uniq_edmund, uniq_pikel

Notes
Turn   | Place    | Note
-------+----------+-------------------------------------------
     0 | D:1      | spe3d0 the Troll Monk began the quest for the Orb.
     0 | D:1      | Reached XP level 1. HP: 22/22 MP: 0/0
   121 | D:1      | Reached XP level 2. HP: 29/29 MP: 1/1
   181 | D:1      | Reached skill level 4 in Unarmed Combat
   413 | D:1      | Reached XP level 3. HP: 36/36 MP: 2/2
   746 | D:2      | Found a faded altar of an unknown god.
  1090 | D:2      | Reached XP level 4. HP: 26/44 MP: 3/3
  1179 | D:2      | Reached skill level 5 in Unarmed Combat
  1737 | D:3      | Found an iron altar of Okawaru.
  1747 | D:3      | Became a worshipper of Warmaster Okawaru
  1747 | D:3      | Reached * piety under Okawaru
  1747 | D:3      | Reached ** piety under Okawaru
  2223 | D:4      | Noticed a slave
  2225 | D:4      | Noticed a slave
  2226 | D:4      | Noticed a slave
  2229 | D:4      | Noticed Pikel
  2236 | D:4      | Noticed a slave
  2239 | D:4      | Killed a slave
  2243 | D:4      | Killed a slave
  2246 | D:4      | Reached XP level 5. HP: 14/50 MP: 2/4
  2254 | D:4      | Killed a slave
  2260 | D:4      | Slain by Pikel

Vanquished Creatures
  3 slaves (D:4)
  An iguana (D:4)
  A worker ant (D:3)
  2 adders (D:2)
  2 oozes
  2 worms
  A dart slug (D:1)
  3 leopard geckos
  An orc (D:3)
  2 ball pythons
  4 giant cockroaches
  8 goblins
  7 hobgoblins
  4 jackals (D:1)
  5 kobolds
  A quokka (D:2)
  9 bats
  7 frilled lizards
  A leopard gecko skeleton (D:4)
  5 rats
69 creatures vanquished.
